 Dungeon Crawl Stone Soup version 0.29-a0-1052-g6990b1bffc (webtiles) character file.

Game seed: 1208471876347688454

254 nicolae the Changer (level 6, 0/38 HPs)
             Began as an Octopode Transmuter on Aug 17, 2022.
             Slain by Edmund
             ... wielding a +2 antimagic flail
              (3 damage)
             ... on level 4 of the Dungeon.
             The game lasted 00:06:06 (3813 turns).

nicolae the Changer (Octopode Transmuter)           Turns: 3813, Time: 00:06:06

Health: 0/38       AC:  1    Str:  9    XL:     6   Next: 14%
Magic:  0/18       EV: 13    Int: 17    God:
Gold:   252        SH:  0    Dex: 13    Spells: 3/9 levels left

rFire   . . .      SeeInvis .   i - +2 whip (vamp)
rCold   . . .      Faith    .   (no shield)
rNeg    . . .      Spirit   .   (helmet restricted)
rPois   .          Reflect  .   (no amulet)
rElec   .          Harm     .   k - ring of willpower
rCorr   .          Rampage  .   t - ring of magical power
Will    +....                   (no ring)
Stlth   ++........              (no ring)
HPRegen 0.12/turn               (no ring)
MPRegen 0.16/turn               (no ring)
                                (no ring)
                                (no ring)

@: no status effects
A: almost no armour, amphibious, 8 rings, camouflage 1, gelatinous body 1,
(nimble swimmer 1), tentacles
a: no special abilities


You were on level 4 of the Dungeon.
You visited 1 branch of the dungeon, and saw 4 of its levels.

You collected 252 gold pieces.

Inventory:

Hand Weapons
 i - a +2 vampiric whip (weapon)
Missiles
 m - 5 poisoned darts
 n - 5 boomerangs
Jewellery
 k - a ring of willpower (left tentacle)
 t - a ring of magical power (right tentacle)
Wands
 r - a wand of acid (10)
Scrolls
 e - a scroll of amnesia
 f - a scroll of vulnerability {unknown}
 g - 2 scrolls of teleportation
 l - a scroll of summoning {unknown}
 p - a scroll of magic mapping {unknown}
 q - a scroll of enchant weapon {unknown}
 s - a scroll of fog {unknown}
Potions
 b - 2 potions of mutation
 c - a potion of attraction
 h - 2 potions of curing


   Skills:
 - Level 1.0 Fighting
 - Level 2.0 Dodging
 - Level 3.0 Unarmed Combat
 - Level 2.0 Spellcasting
 - Level 5.0 Transmutations
 + Level 4.2 Poison Magic


You had 3 spell levels left.
You knew the following spells:

 Your Spells              Type           Power      Damage    Failure   Level
a - Beastly Appendage     Tmut           36%        N/A       2%          1
b - Wereblood             Tmut           18%        N/A       3%          2
c - Spider Form           Tmut/Pois      17%        N/A       9%          3

Your spell library contained the following spells:

 Spells                   Type           Power      Damage    Failure   Level
 Passwall                 Tmut/Erth      8%         N/A       11%         2
 Poisonous Vapours        Pois/Air       16%        N/A       12%         2
 Summon Small Mammal      Summ           4%         N/A       19%         1
 Ensorcelled Hibernation  Hex/Ice        2%         N/A       28%         2
 Sublimation of Blood     Necr           1%         N/A       28%         2
 Call Canine Familiar     Summ           1%         N/A       50%         3
 Summon Guardian Golem    Hex/Summ       1%         N/A       50%         3
 Swiftness                Air            1%         N/A       50%         3
 Ice Form                 Ice/Tmut       10%        N/A       56%         4
 Corpse Rot               Necr/Pois/Air  6%         N/A       71%         4
 Summon Hydra             Summ           0%         N/A       100%        7


Dungeon Overview and Level Annotations

Branches:
Dungeon (4/15)
 Temple: D:4-7

Altars:
Xom

Annotations:
D:3 2 transporters, JakeJacob's ghost, amateur DjCj
D:4 Edmund


Innate Abilities, Weirdness & Mutations

You cannot wear most types of armour.
You are amphibious.
You can wear up to eight rings at the same time.
Your skin changes colour to match your surroundings (Stealth+).
Your rubbery body absorbs attacks. (AC +1, EV +1)
((You are camouflaged when in or above water. (Stealth+)))
You have tentacles for arms and can constrict up to eight enemies at once.


Message History

Edmund hits you but does no damage.
You hit Edmund.
You feel better.
Edmund is heavily wounded.
You feel less wooden. Edmund barely misses you.
You barely miss Edmund. Your grab misses Edmund. Your squeeze misses Edmund.
Edmund is heavily wounded.
Edmund hits you with a +2 antimagic flail!
You feel your power leaking away.
You hit Edmund but do no damage. Your grab misses Edmund.
Your squeeze misses Edmund.
Edmund is heavily wounded.
Edmund closely misses you.
You are too injured to fight recklessly!
You don't have enough magic to cast this spell.
You feel much better.
Edmund grinds his teeth, and then sighs.
Edmund hits you with a +2 antimagic flail!
It was a potion of cancellation.
You feel magically purged. Edmund misses you.
You hit Edmund but do no damage. You grab Edmund.
Edmund is heavily wounded.
You constrict Edmund.
Edmund hits you with a +2 antimagic flail!
You hit Edmund but do no damage.
Edmund is heavily wounded.
You constrict Edmund, but do no damage. Edmund barely misses you.
You hit Edmund. You tentacle-slap Edmund. You squeeze Edmund, but do no damage.
Edmund is severely wounded.
You constrict Edmund. Edmund completely misses you.
You hit Edmund but do no damage.
Edmund is severely wounded.
You constrict Edmund, but do no damage.
Edmund hits you with a +2 antimagic flail!
* * * LOW HITPOINT WARNING * * *
You feel your power leaking away.
You hit Edmund but do no damage. You squeeze Edmund!
Edmund is severely wounded.
You constrict Edmund.
Edmund hits you with a +2 antimagic flail.
You die...

##..##.# ##'## #....#.#
#)# .#....†.# #)#
#.....##..########.#####
......###...##.........#
..#..##...#..##.#.....#.#
. #.#
#.#.#......#...##.## ##
..###@#............)) #.#
#.@)#....##...##.## .
#)##.###..........# #..
.#....####>##### #..# .
##..# #.# ### .$ .# #.#
## # #. #.


You could see Edmund.

Vanquished Creatures
  14 gnolls
  7 adders
  An orc (D:4)
  7 bats
  5 endoplasms
  2 giant cockroaches
  5 goblins
  7 hobgoblins
  A quokka (D:2)
  3 ball pythons
  2 frilled lizards (D:1)
  5 kobolds
  5 rats
64 creatures vanquished.

Vanquished Creatures (others)
  6 plants (D:3)
  3 toadstools (D:1)
9 creatures vanquished.

Grand Total: 73 creatures vanquished

Notes
Turn   | Place    | Note
-------+----------+-------------------------------------------
     0 | D:1      | nicolae the Octopode Transmuter began the quest for the
                  | Orb.
     0 | D:1      | Reached XP level 1. HP: 13/13 MP: 3/3
   141 | D:1      | Reached XP level 2. HP: 17/18 MP: 5/5
   407 | D:1      | Reached skill level 3 in Transmutations
   911 | D:1      | Found a faded altar of an unknown god.
  1253 | D:1      | Reached XP level 3. HP: 20/23 MP: 4/6
  1406 | D:1      | Learned a level 2 spell: Wereblood
  1410 | D:1      | Learned a level 3 spell: Spider Form
  1771 | D:2      | Reached skill level 4 in Transmutations
  1771 | D:2      | Reached XP level 4. HP: 18/28 MP: 4/7
  1892 | D:2      | Found a shimmering altar of Xom.
  2419 | D:3      | Reached skill level 5 in Transmutations
  2419 | D:3      | Reached XP level 5. HP: 25/33 MP: 5/8
  2422 | D:3      | Reached skill level 1 in Poison Magic
  2749 | D:3      | Noticed JakeJacob's ghost (amateur DjCj)
  2781 | D:3      | Found a transporter.
  2834 | D:3      | Found a transporter.
  3510 | D:4      | Noticed Edmund
  3618 | D:4      | Reached XP level 6. HP: 38/38 MP: 9/9
  3813 | D:4      | Slain by Edmund

Illustrated notes

Levels and vault maps discovered:
D:1:      minmay_arrival_jagged, layout_basic, serial_co_window_serial,
          co_window_corner_a, co_window_paths_b, co_window_corner_a,
          co_window_paths_b, co_window_of_opportunity_a, co_window_cross_4,
          co_window_of_opportunity_b, co_window_of_opportunity_b,
          glass_columns_a, glass_columns_b, glass_columns_a, glass_columns_b,
          glass_columns_a, dilly_ecumenical_altar_fadedgnrine,
          serial_park_tiny_2, minmay_gold_behind_fungi
D:2:      layout_basic, basic_altar
D:3:      layout_basic, gammafunk_ghost_gnarly_gnolls
D:4:      layout_loops_corners, minmay_pentomino_pile, uniq_edmund

Skill      XL: |  1  2  3  4  5  6 |
---------------+-------------------+-----
Transmutations | 3 4 5 |  5.0
Poison Magic   | 3 4 |  4.2
Fighting       | |  1.0
Dodging        | |  2.0
Unarmed Combat | |  3.0
Spellcasting   | |  2.0

Action                   |  1- 3 |  4- 6 || total
-------------------------+-------+-------++-------
Melee: Unarmed           |    39 |       ||    39
       Constrict         |    18 |    25 ||    43
       Kick              |    15 |    20 ||    35
       Tentacles         |    11 |    23 ||    34
       Whip              |    11 |   121 ||   132
       Punch             |       |     2 ||     2
 Cast: Beastly Appendage |    17 |    17 ||    34
       Wereblood         |     1 |     4 ||     5
  Use: Scroll            |       |     6 ||     6
       Potion            |       |     5 ||     5
 Stab: Sleeping          |     2 |     3 ||     5
Armor: Skin              |     5 |    61 ||    66
Dodge: Dodged            |    42 |    69 ||   111

Table legend: (Time is in decaauts)
 A = Elapsed time spent in this place.
 B = Non-inter-level travel time spent in this place.
 C = Inter-level travel time spent in this place.
 D = Time resting spent in this place.
 E = Time spent auto-exploring this place.
 F = Levels seen in this place.
 G = Mean time per level.
                   A        B        C        D        E       F      G
               +--------+--------+--------+--------+--------+-----+--------+
         Total |   3823 |   3711 |    112 |    169 |   2988 |   4 |  955.8 |
       Dungeon |   3823 |   3711 |    112 |    169 |   2988 |   4 |  955.8 |
               +--------+--------+--------+--------+--------+-----+--------+

Top non-repeatable levels by time:
     D:1: 1705 daAuts
     D:3: 1043 daAuts
     D:2: 724 daAuts
     D:4: 350 daAuts
